 Dungeon Crawl Stone Soup version 0.31-a0-222-gefeffbb62a (webtiles) character file.

Game seed: 18329254870674654526

44 qw the Shooter (level 3, -2/21 HPs)
             Began as a Gargoyle Hexslinger on July 5, 2023.
             Slain by a phantom (4 damage)
             ... on level 2 of the Dungeon.
             The game lasted 00:00:22 (814 turns).

qw the Shooter (Gargoyle Hexslinger)                 Turns: 814, Time: 00:00:23

Health: -2/21      AC:  7    Str: 17    XL:     3   Next: 60%
Magic:  4/4        EV: 11    Int: 13    God:
Gold:   61         SH:  0    Dex: 14    Spells: 3/4 levels left

rFire   + . .        Y - +1 sling
rCold   . . .        (no shield)
rNeg    + . .        h - +1 leather armour {rPois}
rPois   inf          (helmet restricted)
rElec   +            (no cloak)
rCorr   .            (no gloves)
SInv    .            (no boots)
Will    .....        (no amulet)
Stlth   +            l - +6 ring of strength
HPRegen 0.23/turn    (no ring)
MPRegen 0.09/turn

%: no passive effects
@: no status effects
A: sickness immunity, AC +3, negative energy resistance 1, electricity
resistance, torment resistance 1, petrification resistance, horns 1, fire
resistance 1, wild magic 1
a: no special abilities


You were on level 2 of the Dungeon.
You visited 1 branch of the dungeon, and saw 2 of its levels.

You collected 107 gold pieces.
You spent 46 gold pieces at shops.


Innate Abilities, Weirdness & Mutations

You are immune to sickness and miasma.
Your stone body is resilient. (AC +3)
You are immune to poison.
You resist negative energy. (rN+)
You are resistant to electric shocks. (rElec)
You are resistant to unholy torment.
You are immune to petrification.
You have a pair of small horns on your head.
Your flesh is heat resistant. (rF+)
Your spells are a little harder to cast, but a little more powerful.


   Skills:
 - Level 2.0 Fighting
 + Level 3.5 Ranged Weapons
 - Level 1.5 Dodging
 - Level 1.0 Spellcasting
 - Level 2.6 Hexes


You had 3 spell levels left.
You knew the following spells:

 Your Spells              Type           Power      Damage    Failure   Level
a - Slow                  Hex            36%        N/A       17%         1

Your spell library contained the following spells:

 Spells                   Type           Power      Damage    Failure   Level
 Inner Flame              Hex/Fire       5%         N/A       61%         3
 Portal Projectile        Hex/Tloc       10%        N/A       61%         3
 Cause Fear               Hex            4%         N/A       82%         4

Inventory:

Hand Weapons
 Y - a +1 sling (weapon)
Armour
 h - a +1 leather armour of poison resistance (worn)
Jewellery
 l - a +6 ring of strength (left hand)
Scrolls
 i - a scroll of enchant armour
Potions
 a - a potion of lignification {unknown}
 e - a potion of haste {unknown}
 f - 2 potions of mutation
 g - a potion of curing {unknown}
 j - a potion of attraction {unknown}
 k - a potion of brilliance {unknown}

Dungeon Overview and Level Annotations

Branches:
Dungeon (2/15)

Altars:

Shops:
D:1 *   D:2 :

Annotations:
D:2 Natasha


Message History

The phantom hits you but does no damage.
Enter note:
Enter note: You shoot a sling bullet.
The sling bullet hits the phantom but does no damage.
The phantom is moderately damaged.
Natasha claws you but does no damage. The goblin barely misses you.
The phantom closely misses you.
You shoot a sling bullet.
The sling bullet hits the phantom but does no damage.
The phantom is moderately damaged.
The bat misses you. Natasha closely misses you. The goblin barely misses you.
The phantom barely misses you. The bat closely misses you.
You shoot a sling bullet.
The sling bullet barely misses the phantom.
The bat hits you but does no damage. Natasha barely misses you.
The goblin completely misses you.
The phantom hits you but does no damage.
You shoot a sling bullet.
The sling bullet hits the phantom but does no damage.
The phantom is moderately damaged.
Natasha closely misses you. The hobgoblin closely misses you.
The goblin hits you but does no damage. The phantom misses you.
Natasha closely misses you.
You shoot a sling bullet. The sling bullet misses the phantom.
The goblin barely misses you.
The hobgoblin hits you but does no damage.
The phantom closely misses you. Natasha misses you. The phantom hits you.
The phantom blinks!
You blink.
You shoot a sling bullet. The sling bullet hits the phantom.
The phantom is moderately damaged.
The bat closely misses you.
The phantom hits you but does no damage.
You shoot a sling bullet. The sling bullet hits the phantom.
The phantom is heavily damaged.
The bat hits you but does no damage. The phantom closely misses you.
You shoot a sling bullet. The sling bullet misses the phantom.
The sling bullet barely misses Natasha.
The bat closely misses you. The bat barely misses you. The phantom hits you.
You die...

######### #.......#
##.......# #........#
#........# #
#........#
#.#.#####........#
##.......@........#
....[...Wg.######.#
#......hbg.# #.#
#..........# #.#
#..........######.#
#..........#....#.#
...............>..####
#........).#.#.......#
....##...#.#..)...##.#


You could see a phantom, Natasha, a hobgoblin, a goblin and a bat.

Vanquished Creatures
  An adder (D:2)
  A worm (D:2)
  A dart slug (D:1)
  6 endoplasms
  2 giant cockroaches
  4 goblins (D:1)
  2 hobgoblins (D:1)
  2 kobolds
  2 quokkas (D:2)
  A ball python (D:2)
  2 bats
  A frilled lizard (D:1)
  A rat (D:1)
26 creatures vanquished.

Notes
Turn   | Place    | Note
-------+----------+-------------------------------------------
     0 | D:1      | qw the Gargoyle Hexslinger began the quest for the Orb.
     0 | D:1      | Reached XP level 1. HP: 12/12 MP: 2/2
     0 | D:1      | 0 ||| qw: Version: 0.3-a-46-gb1f654a
     0 | D:1      | 0 ||| qw: Game counter: 1068
     0 | D:1      | 0 ||| qw: Melee chars always use a shield: true
     0 | D:1      | 0 ||| qw: God list: Okawaru
     0 | D:1      | 0 ||| qw: Allow faded altars: false
     0 | D:1      | 0 ||| qw: Do Orc after clearing Dungeon:15 true
     0 | D:1      | 0 ||| qw: Do second Lair branch before Depths: true
     0 | D:1      | 0 ||| qw: Lair rune preference: random
     0 | D:1      | 0 ||| qw: Goals: Normal
     0 | D:1      | 0 ||| PLANNING D:1-11
   111 | D:1      | Reached XP level 2. HP: 16/16 MP: 3/3
   155 | D:1      | Reached skill level 3 in Ranged Weapons
   379 | D:1      | Found Zaustroug's Assorted Antiques.
   388 | D:1      | 388 ||| SHOPLISTING 3 scrolls labelled GECOOF RYRCH (69
                  | gold, have 66).
   388 | D:1      | 388 ||| BUYING scroll labelled ETHRARPH NOESIOF (23 gold).
   388 | D:1      | Bought a scroll labelled ETHRARPH NOESIOF for 23 gold
                  | pieces
   388 | D:1      | 388 ||| BUYING scroll labelled NEORCH JUOROMU (23 gold).
   388 | D:1      | Bought a scroll labelled NEORCH JUOROMU for 23 gold pieces
   407 | D:1      | 407 ||| UPGRADING to +1 leather armour of poison
                  | resistance.
   417 | D:1      | 417 ||| DROPPING +0 robe.
   418 | D:1      | 418 ||| UPGRADING to +6 ring of strength.
   419 | D:1      | 419 ||| READING scroll labelled SIDEGR DINGYSAF.
   420 | D:1      | 420 ||| READING 2 scrolls labelled ETHRARPH NOESIOF.
   421 | D:1      | 421 ||| READING scroll labelled NEORCH JUOROMU.
   422 | D:1      | 422 ||| DRINKING 4 glowing emerald potions.
   422 | D:1      | Gained mutation: You occasionally lose the ability to read
                  | scrolls when taking damage. [potion of mutation]
   423 | D:1      | 423 ||| DRINKING 3 potions of mutation.
   423 | D:1      | Lost mutation: You occasionally lose the ability to read
                  | scrolls when taking damage. [potion of mutation]
   423 | D:1      | Gained mutation: You have a pair of small horns on your
                  | head. [potion of mutation]
   423 | D:1      | Gained mutation: Your flesh is heat resistant. (rF+)
                  | [potion of mutation]
   423 | D:1      | Gained mutation: Your spells are a little harder to cast,
                  | but a little more powerful. [potion of mutation]
   424 | D:1      | 424 ||| DROPPING scroll of poison.
   594 | D:2      | Reached XP level 3. HP: 19/21 MP: 4/4
   619 | D:2      | Found Qaqiw's Book Boutique.
   796 | D:2      | Noticed a phantom
   804 | D:2      | Noticed Natasha
   806 | D:2      | HP: 5/21 [phantom (2)]
   811 | D:2      | HP: 2/21 [phantom (3)]
   814 | D:2      | Slain by a phantom

Levels and vault maps discovered:
D:1:      minmay_arrival_doors, layout_basic, serial_shops, shop
D:2:      layout_basic, serial_shops, shop, shop_statue, basic_altar,
          st_stairs_10, minivault_25, uniq_natasha

Skill      XL: |  1  2 |
---------------+-------+-----
Ranged Weapons | 3 |  3.5
Fighting       | 2 |  2.0
Dodging        | |  1.5
Spellcasting   | |  1.0
Hexes          | |  2.6

Action                     || total
---------------------------++-------
   Fire: Sling             ||    93
    Use: Scroll            ||     3
         Potion            ||     2
 Armour: Leather armour    ||    23
  Dodge: Dodged            ||    50

Table legend:
 A = Non-vault XP
 B = Vault XP
 C = Vault XP percentage of total XP
 D = Non-vault monster count
 E = Vault monster count
 F = Vault count percentage of total count
                 A         B        C        D         E       F
            +---------+---------+-------+---------+---------+-------
      Total |      61 |       2 |   3.2 |      25 |       1 |   3.8
            +---------+---------+-------+---------+---------+-------
        D:1 |      29 |       0 |   0.0 |      15 |       0 |   0.0
        D:2 |      32 |       2 |   5.9 |      10 |       1 |   9.1
            +---------+---------+-------+---------+---------+-------
